 Dungeon Crawl Stone Soup version 0.21.1-1-g345015f (webtiles) character file.

194 Goblin1989 the Insei (level 5, 0/41 HPs)
             Began as a Demonspawn Monk on Feb 14, 2018.
             Was an Initiate of Gozag.
             Slain by an iguana (9 damage)
             ... on level 4 of the Dungeon.
             The game lasted 00:12:37 (3756 turns).

Goblin1989 the Insei (Demonspawn Monk)              Turns: 3756, Time: 00:12:38

Health: 0/41       AC:  8    Str: 13    XL:     5   Next: 44%
Magic:  5/5        EV: 13    Int: 11    God:    Gozag
Gold:   272        SH:  0    Dex: 15    Spells: 4/4 levels left

rFire    . . .     SeeInvis .   a - +0 hand axe
rCold    . . .     Gourm    .   (no shield)
rNeg     . . .     Faith    .   o - +3 ring mail
rPois    .         Spirit   .   (no helmet)
rElec    .         Reflect  .   (no cloak)
rCorr    .         Harm     .   (no gloves)
MR       .....                  (no boots)
Stlth    +.........             (no amulet)
HPRegen  0.13/turn              (no ring)
MPRegen  0.09/turn              (no ring)

@: no status effects
A: claws 1, repulsion field 1, rot immunity
a: Potion Petition, Call Merchant, Bribe Branch, Renounce Religion


You were on level 4 of the Dungeon.
You worshipped Gozag.
Gozag was aware of your devotion.
You were not hungry.

You visited 1 branch of the dungeon, and saw 4 of its levels.

You collected 272 gold pieces.

Inventory:

Hand Weapons
 a - a +0 hand axe (weapon)
 f - a +0 hunting sling
 S - a +0 war axe
Missiles
 h - 25 stones (quivered)
Armour
 b - a +0 robe
 n - a cursed -2 ring mail
 o - a +3 ring mail (worn)
Jewellery
 i - an uncursed ring of fire {unknown}
Scrolls
 j - a scroll of fog {unknown}
 u - a scroll of enchant weapon {unknown}
 R - a scroll of identify {@r1}
Potions
 m - a potion of might
 q - a potion of curing {unknown}
 s - a potion of invisibility {unknown}
 t - a potion of haste {unknown}
Comestibles
 e - 4 rations


   Skills:
 - Level 3.0 Fighting
 - Level 3.2 Axes
 - Level 2.6 Dodging
 - Level 1.7 Stealth
 + Level 4.4 Unarmed Combat


You had 4 spell levels left.
You didn't know any spells.

Dungeon Overview and Level Annotations

Branches:
Dungeon (4/15)
 Temple: D:4-7

Altars:
Dithmenos
Elyvilon
Gozag
Kikubaaqudgha
Ru

Annotations:
D:3 batai666's ghost, amateur GrEE


Innate Abilities, Weirdness & Mutations

You have sharp fingernails.
You are surrounded by a mild repulsion field. (EV +2)
You are immune to rotting.


Message History

There is a stone staircase leading up here.
Found a white marble altar of Elyvilon.
You now have 272 gold pieces (gained 19).
You see here a robe.
An orc comes into view. It is wielding a mace.
The orc shouts!
Found a stone staircase leading down.
An orc is nearby!
An iguana comes into view.
You hit the orc.
The orc is heavily wounded.
The orc hits you with a mace.
You take 6 damage, and have 35/41 hp.
You hit the orc.
You kill the orc!
No target in view!
No target in view!
No target in view!
No target in view!
No target in view!
No target in view!
No target in view!
No target in view!
No target in view!
No target in view!
No target in view!
No target in view!
No target in view!
No target in view!
No target in view!
No target in view!
No target in view!
No target in view!
No target in view!
No target in view!
No target in view!
The iguana hisses angrily.
The iguana is too close now for your liking.
Things that are here:
8 gold pieces; a mace; a leather armour An iguana is nearby!
You hit the iguana but do no damage.
The iguana bites you but does no damage.
You barely miss the iguana. The iguana closely misses you.
You hit the iguana but do no damage. The iguana closely misses you.
The iguana misses you.
You barely miss the iguana.
The iguana is distracted by the nearby gold.
Your ring mail prevents you from hitting the iguana.
The iguana is no longer distracted by gold.
The iguana bites you!
You take 10 damage, and have 26/41 hp.
MASSIVE DAMAGE!!
You hit the iguana. You claw the iguana.
The iguana is heavily wounded.
The iguana closely misses you.
You hit the iguana.
The iguana is severely wounded.
The iguana closely misses you.
You completely miss the iguana.
The iguana is severely wounded.
The iguana bites you!
* * * LOW HITPOINT WARNING * * *
You take 9 damage, and have 17/41 hp.
MASSIVE DAMAGE!!
You are too injured to fight recklessly!
You are too injured to fight recklessly!
You are too injured to fight recklessly!
You are too injured to fight recklessly!
You are too injured to fight recklessly!
You are too injured to fight recklessly!
You are too injured to fight recklessly!
You are too injured to fight recklessly!
You are too injured to fight recklessly!
You are too injured to fight recklessly!
You are too injured to fight recklessly!
You are too injured to fight recklessly!
You are too injured to fight recklessly!
You are too injured to fight recklessly!
You are too injured to fight recklessly!
You are too injured to fight recklessly!
You are too injured to fight recklessly!
You are too injured to fight recklessly!
You are too injured to fight recklessly!
You are too injured to fight recklessly!
You hit the iguana but do no damage.
The iguana is severely wounded.
The iguana bites you!
* * * LOW HITPOINT WARNING * * *
You take 8 damage, and have 9/41 hp.
You completely miss the iguana.
The iguana is severely wounded.
The iguana bites you but does no damage.
The iguana barely misses you.
You hit the iguana.
The iguana is severely wounded.
The iguana barely misses you.
You hit the iguana but do no damage.
The iguana is severely wounded.
The iguana bites you!
You die...
Your body crumbles into a pile of gold.

...█ $ ...l
...█ ... ...█
..█ ...█ █.█
...█ █.█ █.█
...█ █.█
██.██l..█ █.█
█...@...██.█.█
█...$.>....█.█
█.██████████.█
█.██████████.█
█.██
█.[.......██.█
█...
█████████.██.█


█████ █..█.█ █.. .. ███...████.█ .. █≈≈...≈≈██.█.██ You could see an iguana.

Vanquished Creatures
  An orc priest (D:2)
  4 gnolls (D:4)
  2 adders (D:2)
  3 worms (D:2)
  3 dart slugs (D:2)
  3 leopard geckos (D:1)
  9 orcs
  A ball python (D:1)
  8 bats
  A giant cockroach (D:1)
  8 goblins
  7 hobgoblins
  13 jackals
  3 frilled lizards
  7 kobolds
  8 rats
81 creatures vanquished.

Notes
Turn   | Place    | Note
-------+----------+-------------------------------------------
     0 | D:1      | Goblin1989 the Demonspawn Monk began the quest for the Orb.
     0 | D:1      | Reached XP level 1. HP: 18/18 MP: 1/1
   277 | D:1      | Gained mutation: You have sharp fingernails. [demonic ancestry]
   277 | D:1      | Reached XP level 2. HP: 24/24 MP: 2/2
   491 | D:1      | Reached skill level 1 in Unarmed Combat
   677 | D:1      | Gained mutation: You are surrounded by a mild repulsion field. (EV +2) [demonic ancestry]
   677 | D:1      | Reached XP level 3. HP: 29/29 MP: 3/3
  1014 | D:2      | Found an ancient bone altar of Kikubaaqudgha.
  1023 | D:2      | Reached skill level 2 in Unarmed Combat
  1077 | D:2      | Found a faded altar of an unknown god.
  1943 | D:2      | Gained mutation: You are immune to rotting. [demonic ancestry]
  1943 | D:2      | Reached XP level 4. HP: 35/35 MP: 4/4
  1981 | D:2      | Found an opulent altar of Gozag.
  2077 | D:2      | Became a worshipper of Gozag Ym Sagoz the Greedy
  2162 | D:2      | Found a shadowy altar of Dithmenos.
  2229 | D:2      | Reached skill level 3 in Unarmed Combat
  2435 | D:2      | Found a sacrificial altar of Ru.
  2938 | D:3      | Noticed batai666's ghost (amateur GrEE)
  3114 | D:3      | Reached XP level 5. HP: 41/41 MP: 5/5
  3240 | D:3      | Reached skill level 4 in Unarmed Combat
  3709 | D:4      | Found a white marble altar of Elyvilon.
  3756 | D:4      | Slain by an iguana

Skill      XL: |  1  2  3  4  5 |
---------------+----------------+-----
Axes           | 3 |  3.2
Unarmed Combat | 1 2 3 4 |  4.4
Fighting       | |  3.0
Dodging        | |  2.6
Stealth        | |  1.7

Action                   |  1- 3 |  4- 6 || total
-------------------------+-------+-------++-------
Melee: Hand axe          |     6 |   182 ||   188
       Punch             |       |     4 ||     4
 Fire: Hunting sling     |   214 |       ||   214
  Use: Scroll            |     3 |       ||     3
       Potion            |     1 |       ||     1
  Eat: Chunk             |     3 |       ||     3
       Ration            |       |     2 ||     2
Armor: Robe              |     6 |       ||     6
       Ring mail         |    53 |    79 ||   132
Dodge: Dodged            |   119 |   157 ||   276

Vault maps used:
D:1:      scummos_arrival_hexagon, st_stairs_2
D:2:      lemuel_coloured_pillars_altar, old_standard_altar,
          nicolae_dithmenos_shadow_blocks, chequers_ecumenical_altar_simple,
          nicolae_gozag_cash_rules_everything_around_me
D:3:      lemuel_crystal_altar
D:4:      grunt_temple_overflow_order_and_chaos_1, elyvilon_altar_4,
          temple_pool_b, minmay_small_thing
